Map: King Sejong Station LE

Players

Fropez - Winner!

  • Race: Protoss Protoss
  • League: Gold
  • Spawn Location: 11:00

Lezber

  • Race: Zerg Zerg
  • League: Platinum
  • Spawn Location: 5:00

VOD

Have the link to the VOD?

Description

Time

  • Played on: Nov. 4, 2016, 2:23 p.m.
  • Length: 10:58
Show
View Real Time Build Order
Export as new Build Order

Fropez Protoss - Winner!

Build Orders:  

Get SALT Encoding   

  12  0:01  Probe (Chrono Boost)  
  13  0:11  Probe (Chrono Boost)  
  14  0:17  Pylon  
  14  0:22  Probe (Chrono Boost)  
  15  0:29  Assimilator  
  15  0:36  Probe (Chrono Boost)  
  16  0:44  Gateway  
  16  0:48  Probe (Chrono Boost)  
  17  0:59  Probe (Chrono Boost)  
  18  1:08  Gateway  
  18  1:09  Probe (Chrono Boost)  
  19  1:20  Probe (Chrono Boost)  
  20  1:30  Probe (Chrono Boost)  
  21  1:36  Cybernetics Core  
  21  1:41  Probe (Chrono Boost)  
  22  1:47  Assimilator  
  22  1:50  Pylon  
  22  1:51  Probe (Chrono Boost)  
  24  2:08  Probe (Chrono Boost)  
  24  2:19  Twilight Council  
  25  2:24  Warp Gate (Chrono Boost)  
  25  2:26  Mothership Core (Chrono Boost)  
  26  2:45  Pylon  
  26  2:47  Probe  
  27  2:52  Adept x2  
  27  2:55  Resonating Glaives (Chrono Boost)  
  31  3:00  Forge  
  31  3:19  Adept x2  
  35  3:24  Probe  
  36  3:41  Nexus  
  36  3:49  Probe  
  36  3:50  Pylon  
  37  4:01  Probe  
  37  4:02  Protoss Ground Weapons Level 1 (Chrono Boost)  
  38  4:13  Probe  
  39  4:19  Gateway  
  39  4:30  Adept x2  
  40  4:45  Probe  
  39  4:57  Pylon  
  39  4:59  Pylon  
  37  5:07  Probe  
  36  5:29  Adept x2  
  36  5:31  Charge  
  36  5:32  Probe  
  36  5:33  Probe  
  36  5:48  Gateway  
  36  5:56  Photon Cannon, Gateway  
  35  6:00  Gateway  
  35  6:01  Gateway  
  35  6:08  Stalker  
  35  6:09  Probe  
  35  6:11  Probe  
  39  6:23  Probe  
  39  6:24  Probe  
  41  6:42  Assimilator  
  41  6:46  Assimilator  
  41  6:53  Photon Cannon  
  41  7:00  Pylon  
  41  7:08  Probe  
  41  7:09  Probe  
  43  7:24  Probe  
  43  7:25  Probe  
  43  7:28  Robotics Facility  
  45  7:39  Adept x2  
  45  7:40  Adept x3  
  55  8:04  Protoss Ground Weapons Level 2 (Chrono Boost)  
  42  8:14  Adept x4  
  42  8:15  Adept  
  47  8:27  Probe  
  47  8:28  Probe  
  49  8:49  Pylon  
  49  8:54  Stalker  
  51  9:03  Stalker  
  51  9:24  Adept x4  
  53  9:28  Probe  
  54  10:24  Stalker x3  
  54  10:25  Stalker x2  
Show
View Real Time Build Order
Export as new Build Order

Lezber Zerg 

Build Orders: Pool First 

Get SALT Encoding   

  12  0:05  Drone  
  13  0:09  Drone  
  14  0:31  Spawning Pool  
  14  0:33  Drone  
  14  0:40  Overlord  
  14  0:59  Drone x3  
  17  1:48  Hatchery  
  16  2:01  Hatchery  
  15  2:05  Hatchery  
  14  2:10  Zergling x4  
  14  2:14  Drone  
  17  2:34  Zergling x4  
  19  2:49  Overlord  
  19  2:57  Extractor  
  19  2:58  Extractor  
  17  3:21  Zergling x6  
  17  3:22  Zergling x6  
  23  3:37  Drone x3  
  23  3:38  Drone x2  
  28  3:52  Metabolic Boost  
  28  3:55  Drone x5  
  33  4:03  Drone  
  21  4:48  Zergling x2  
  21  4:49  Zergling x16  
  30  4:53  Queen  
  30  4:56  Queen  
  32  5:21  Drone x3  
  30  5:41  Zergling x2  
  30  5:42  Zergling x8  
  32  6:15  Hatchery  
  32  6:16  Drone  
  32  6:17  Drone x3  
  35  6:19  Overlord x2  
  33  6:50  Evolution Chamber, Zergling x6  
  33  6:51  Zergling x14  
  42  6:58  Pneumatized Carapace  
  42  7:28  Drone x9  
  39  8:30  Zergling x2  
  39  8:31  Zergling x34  
  55  8:37  Lair  
  54  8:42  Spore Crawler  
  54  8:47  Spore Crawler  
  52  8:51  Drone x5  
  57  8:59  Overlord  
  57  9:00  Queen, Spore Crawler  
  57  9:01  Overlord  
  56  9:15  Zergling x6  
  56  9:16  Zergling x6  
  56  9:17  Zergling x2  
  47  9:28  Roach Warren  
  40  9:47  Zergling x2  
  40  9:48  Zergling x20  
  29  10:09  Roach  
Tags
 
Add a new tag
Caveats
  • Supply blocks, unpowered buildings, or Contaminate may cause inaccurate times.
  • Supply counts are checked every 10 seconds.